 Dungeon Crawl Stone Soup version 0.28-a0-664-gc179e30c89 (webtiles) character file.

Game seed: 12970454922460183417

74 BlueGoblin the Covered (level 4, -3/29 (36) HPs)
             Began as a Barachi Fighter on Oct 15, 2021.
             Frozen to death by an endoplasm (5 damage)
             ... on level 3 of the Dungeon.
             The game lasted 00:04:01 (1807 turns).

BlueGoblin the Covered (Barachi Fighter)            Turns: 1807, Time: 00:04:02

HP:   -3/29 (36)    AC:  7    Str: 18    XL:     4   Next: 30%
MP:   4/4           EV: 10    Int:  8    God:
Gold: 43            SH:  5    Dex: 12    Spells: 3/3 levels left

rFire   . . .      SeeInvis .   a - +2 long sword
rCold   . . .      Faith    .   c - +0 buckler
rNeg    . . .      Spirit   .   b - +0 scale mail
rPois   .          Reflect  .   (no helmet)
rElec   .          Harm     .   (no cloak)
rCorr   .          Rampage  .   (no gloves)
Will    .....                   (no boots)
Stlth   ..........              (no amulet)
HPRegen 0.09/turn               (no ring)
MPRegen 0.09/turn               (no ring)

@: unable to hop, heavily drained, slow
A: amphibious, slowness 1, strong legs 1, +LOS
a: Hop


You were on level 3 of the Dungeon.
You visited 1 branch of the dungeon, and saw 3 of its levels.

You collected 43 gold pieces.

Inventory:

Hand Weapons
 a - a +2 long sword (weapon)
 l - a +2 dagger of draining
Missiles
 k - 22 bolts
Armour
 b - a +0 scale mail (worn)
 c - a +0 buckler (worn)
Potions
 d - a potion of might
 f - a potion of brilliance
 g - a potion of lignification {unknown}
 h - a potion of mutation {unknown}


   Skills:
 - Level 3.6 Fighting
 - Level 2.4 Long Blades
 * Level 4.9 Armour
 * Level 1.3 Dodging
 * Level 4.2 Shields


You had 3 spell levels left.
You didn't know any spells.
Your spell library contained the following spells:

 Spells                   Type           Power      Damage    Failure   Level
 Beastly Appendage        Tmut           0%         N/A       78%         1
 Magic Dart               Conj           0%         1d3       78%         1
 Call Imp                 Summ           0%         N/A       89%         2
 Ensorcelled Hibernation  Hex/Ice        0%         N/A       89%         2
 Wereblood                Tmut           0%         N/A       89%         2
 Mephitic Cloud           Conj/Pois/Air  0%         N/A       98%         3
 Spider Form              Tmut/Pois      0%         N/A       98%         3
 Tukima's Dance           Hex            0%         N/A       98%         3


Dungeon Overview and Level Annotations

Branches:
Dungeon (3/15)

Altars:


Innate Abilities, Weirdness & Mutations

You are amphibious.
You cover ground slowly.
You can hop short distances.
You have an extended range of vision and can be seen from far away.


Message History

You slash the shadow imp!
The shadow imp is severely wounded.
The endoplasm freezes you.
You are frozen.
The shadow imp hits you but does no damage.
You closely miss the shadow imp.
The shadow imp is severely wounded.
The endoplasm freezes you.
You are frozen.
The shadow imp hits you. The endoplasm hits you.
You barely miss the shadow imp.
The shadow imp is severely wounded.
The shadow imp grins evilly.
The shadow imp closely misses you.
The endoplasm hits you but does no damage.
The shadow imp hits you but does no damage.
You barely miss the shadow imp.
The shadow imp is severely wounded.
You block the endoplasm's attack. The shadow imp closely misses you.
You hit the shadow imp.
You kill the shadow imp!
The endoplasm freezes you.
You are frozen.
You barely miss the endoplasm. The endoplasm freezes you.
You are frozen.
* * * LOW HITPOINT WARNING * * *
The endoplasm freezes you.
You are frozen.
* * * LOW HITPOINT WARNING * * *
Hop to where?
Press: ? - help, Dir - move target Boing!
You see here 2 javelins.
The endoplasm freezes you.
You are frozen.
* * * LOW HITPOINT WARNING * * *
There is a stone staircase leading up here.
The endoplasm freezes you.
You are frozen.
You die...

#################
........@........
########J########
#.# #(# #.#
..######.######..
.................
..######)##...#..
.................


You could see an endoplasm.

Vanquished Creatures
  An adder (D:2)
  A shadow imp (D:3)
  A worm (D:2)
  A dart slug (D:1)
  2 endoplasms (D:2)
  2 giant cockroaches (D:2)
  7 goblins
  4 hobgoblins
  7 jackals (D:1)
  2 quokkas
  3 ball pythons (D:2)
  4 bats
  6 frilled lizards
  4 kobolds
  4 rats
49 creatures vanquished.

Notes
Turn   | Place    | Note
-------+----------+-------------------------------------------
     0 | D:1      | BlueGoblin the Barachi Fighter began the quest for the Orb.
     0 | D:1      | Reached XP level 1. HP: 18/18 MP: 1/1
   135 | D:1      | Reached XP level 2. HP: 24/24 MP: 2/2
   245 | D:1      | Found a faded altar of an unknown god.
   588 | D:1      | Reached skill level 1 in Dodging
   591 | D:1      | Reached XP level 3. HP: 22/29 MP: 3/3
  1280 | D:2      | Reached XP level 4. HP: 35/36 MP: 4/4
  1807 | D:3      | Frozen to death by an endoplasm

Illustrated notes

Levels and vault maps discovered:
D:1:      minmay_arrival_four_circles, layout_loops_ring,
          hellmonk_ecumenical_altar_pennies_from_heaven, minivault_25,
          minmay_lizard_pond
D:2:      layout_basic
D:3:      cheibrodos_greedy_goblins, layout_basic, uniq_ijyb, uniq_natasha

Skill      XL: |  1  2  3 |
---------------+----------+-----
Armour         | 4 |  4.9
Dodging        | 1 |  1.3
Shields        | 4 |  4.2
Fighting       | |  3.6
Long Blades    | |  2.4

Action                   |  1- 3 |  4- 6 || total
-------------------------+-------+-------++-------
Melee: Long sword        |   109 |    33 ||   142
 Abil: Hop               |       |     1 ||     1
  Use: Scroll            |     2 |     3 ||     5
Armor: Scale mail        |    47 |    11 ||    58
Dodge: Dodged            |    61 |    12 ||    73
Block: Buckler           |    33 |     9 ||    42

Table legend: (Time is in decaauts)
 A = Elapsed time spent in this place.
 B = Non-inter-level travel time spent in this place.
 C = Inter-level travel time spent in this place.
 D = Time resting spent in this place.
 E = Time spent auto-exploring this place.
 F = Levels seen in this place.
 G = Mean time per level.
                   A        B        C        D        E       F      G
               +--------+--------+--------+--------+--------+-----+--------+
         Total |   2071 |   1991 |     80 |      0 |   1563 |   3 |  690.3 |
       Dungeon |   2071 |   1991 |     80 |      0 |   1563 |   3 |  690.3 |
               +--------+--------+--------+--------+--------+-----+--------+

Top non-repeatable levels by time:
     D:1: 1031 daAuts
     D:2: 1007 daAuts
     D:3: 31 daAuts
